 Dungeon Crawl Stone Soup version 0.20.1-1-g8b1a95d (webtiles) character file.

135465 equalderp2856 the Severer (level 16, -7/147 HPs)
             Began as a Minotaur Fighter on Aug 9, 2017.
             Killed from afar by Nikola (17 damage)
             ... with a chain lightning
             ... on level 1 of the Shoals.
             The game lasted 03:11:26 (56555 turns).

equalderp2856 the Severer (Minotaur Fighter)       Turns: 56555, Time: 03:11:27

Health: -7/147     AC: 25    Str: 25    XL:     16   Next: 64%
Magic:  27/27      EV: 10    Int:  6    God:
Gold:   2363       SH: 20    Dex: 16    Spells: 18/31 levels left

rFire    + + .     SeeInvis .   I - +3 broad axe (freeze)
rCold    + . .     Gourm    .   S - +2 shield {rN+}
rNeg     + . .     Faith    .   w - +1 plate armour
rPois    .         Spirit   .   (helmet restricted)
rElec    .         Reflect  +   G - scarf {rC+ rF+}
rCorr    .         Harm     .   n - +2 pair of gloves
MR       +....                  P - +2 pair of boots
Stlth    ..........             q - +4 amulet of reflection
Regen    0.4/turn               D - +4 ring of dexterity
MPRegen  0.2/turn               W - ring of protection from fire

@: no status effects
A: retaliatory headbutt, horns 2
a: no special abilities


You were on level 1 of the Shoals.
You were near starving.

You visited 4 branches of the dungeon, and saw 24 of its levels.
You also visited: Labyrinth, Ossuary and Ice Cave.

You collected 2378 gold pieces.
You spent 15 gold pieces at shops.

Inventory:

Hand Weapons
 k - a +2 arbalest of freezing
 C - a +6 trident
 I - a +3 broad axe of freezing (weapon)
Armour
 c - a +2 robe of magic resistance
 n - a +2 pair of gloves (worn)
 w - a +1 plate armour (worn)
 B - the +0 robe of Anaesthesia {rF++ Regen+ rCorr Int+2}
   (You found it on level 6 of the Lair of Beasts)

   It affects your intelligence (+2).
   It greatly protects you from fire.
   It increases your rate of regeneration.
   It protects you from acid and corrosion.
 G - a scarf of resistance (worn)
 K - a +2 chain mail of cold resistance
 P - a +2 pair of boots (worn)
 Q - a +0 buckler
 R - a +3 scale mail of cold resistance
 S - a +2 shield of positive energy (worn)
Jewellery
 a - an uncursed ring of resist corrosion
 l - an uncursed amulet of rage
 o - a +5 ring of intelligence
 q - a +4 amulet of reflection (around neck)
 s - an uncursed ring of wizardry
 y - an uncursed ring of ice
 z - an uncursed amulet of guardian spirit
 D - a +4 ring of dexterity (left hand)
 U - an uncursed ring of flight
 W - a ring of protection from fire (right hand)
 Y - an uncursed ring of magical power
Wands
 v - a wand of lightning (11/15)
 A - a wand of lightning (12/15)
 L - a wand of acid (8/15)
 T - a wand of iceblast (7/15)
 Z - a wand of paralysis (4/24)
Scrolls
 b - 3 scrolls of blinking
 d - 3 scrolls of fog
 g - 20 scrolls of identify
 h - 13 scrolls of remove curse
 m - 5 scrolls of magic mapping
 r - 13 scrolls of teleportation
 X - 4 scrolls of fear
Potions
 e - 4 potions of haste
 i - 2 potions of berserk rage
 j - a potion of invisibility
 p - 2 potions of cancellation
 u - 3 potions of lignification
 x - 3 potions of heal wounds
 E - 2 potions of flight
 H - 12 potions of curing
 J - 6 potions of magic
 N - a potion of resistance
Miscellaneous
 F - a lamp of fire
Comestibles
 f - 16 bread rations
 t - 19 royal jellies
 M - 8 meat rations
 O - 11 fruits


   Skills:
 + Level 14.9 Fighting
 + Level 18.5(18.9) Axes
 + Level 6.7(13.9) Polearms
 + Level 15.9 Armour
 + Level 4.0 Dodging
 + Level 1.7 Stealth
 + Level 13.5 Shields
 + Level 8.2 Spellcasting
 + Level 1.0 Translocations
 * Level 4.1 Evocations


You had 18 spell levels left.
You knew the following spells:

 Your Spells              Type           Power        Failure   Level  Hunger
a - Confusing Touch       Hex            #.....       88%         1    #......
b - Blink                 Tloc           N/A          87%         2    ##.....
c - Passwall              Tmut/Erth      #.........   95%         2    ##.....
d - Animate Skeleton      Necr           N/A          88%         1    #......
e - Slow                  Hex            #.......     95%         2    ##.....
f - Swiftness             Chrm/Air       #.......     95%         2    ##.....
g - Regeneration          Chrm/Necr      #.........   99%         3    ###....


Dungeon Overview and Level Annotations

Branches:
Dungeon (15/15)            Temple (0/1) D:4            Lair (6/6) D:9
 Shoals (1/4) Lair:2        Snake (0/4) Lair:3        Slime (0/5) Lair:5
    Orc (2/2) D:11            Elf (0/3) Orc:2        Vaults (0/5) D:13
 Depths (0/5) D:15

Altars:
Cheibriados
Elyvilon
Gozag
Hepliaklqana
Kikubaaqudgha
Makhleb
Nemelex Xobeh
Qazlal
Ru
Trog
Xom
Beogh

Shops:
D:6 :   D:9 !   D:13 [   Orc:1 [**   Orc:2 ?*==

Annotations:
D:5 1 runed door
Shoals:1 Nikola


Innate Abilities, Weirdness & Mutations

You reflexively headbutt those who attack you in melee.
You have a pair of horns on your head.


Message History

You are near starving!
Nikola gestures wildly while chanting.
You hear a mighty clap of thunder!
The lightning arc hits you!
The lightning arc hits Nikola.
The lightning arc hits you!
The lightning arc hits Nikola.
The lightning arc hits you!
The lightning arc hits Nikola.
Nikola casts a spell.
You hear a mighty clap of thunder!
The lightning arc hits you!
* * * LOW HITPOINT WARNING * * *
The lightning arc grounds out.
There is a staircase back to the Lair here.
Items here: (((( 2 large rocks; a javelin; a sling bullet; 5 stones Nikola casts a spell.
You hear a mighty clap of thunder!
The lightning arc hits you!
* * * LOW HITPOINT WARNING * * *
The lightning arc hits Nikola.
The lightning arc hits you!
You die...

≈≈≈≈≈≈≈≈≈≈≈≈≈≈≈≈≈≈≈≈≈≈≈. ....≈≈
≈≈≈≈≈≈≈≈≈≈≈≈≈≈.≈≈≈≈≈≈≈≈.## ...≈≈≈
≈≈≈≈≈≈.###≈≈≈...≈≈≈≈≈≈≈≈....≈≈≈≈≈
≈≈≈≈≈≈.####...≈≈≈≈≈≈≈≈≈≈.≈≈≈≈≈≈≈≈
≈≈≈≈≈≈≈.####..≈≈≈≈(≈≈≈≈≈≈≈≈≈≈≈≈≈≈
≈≈≈≈≈≈........[.≈.@≈≈≈≈≈≈≈≈≈≈≈≈≈≈
≈≈≈≈≈≈≈.........(≈≈≈≈≈≈≈≈≈≈≈≈≈≈≈≈
≈≈≈≈≈≈≈≈...###...≈(≈≈≈.≈..≈≈≈≈≈..
≈≈≈≈≈≈≈≈≈≈.###..@≈[≈..###..≈≈≈≈..
≈≈≈≈≈≈≈≈≈≈..##..((..((.##..≈≈..m.
≈≈≈≈≈≈≈≈≈≈.≈...(((.≈≈........≈≈≈.
≈≈≈≈≈≈≈≈≈≈≈≈..>.((((.........≈≈≈≈
≈≈≈≈≈≈≈.≈≈≈≈..........##....≈≈≈≈≈
≈≈≈≈≈≈≈≈≈≈≈..###.......##..(.....
≈≈≈≈≈≈≈≈≈≈≈≈.# #...)......m...m..
≈≈≈≈≈≈≈≈≈≈≈≈.###.(.≈≈≈≈≈≈≈m......
≈≈≈≈≈≈≈≈≈≈≈...####...≈≈≈≈≈≈......


You could see Nikola.

Vanquished Creatures
  Rupert (Lair:5)
  Frances (D:12)
  A frost giant (IceCv)
  An ettin (D:14)
  Snorg (Orc:2)
  A merfolk impaler (Lair:2)
  A merfolk javelineer (Shoals:1)
  A minotaur (Lab)
  Josephine (D:15)
  The ghost of CitizenNev the Unseen, a journeyman VSAs of Dithmenos (D:14)
  A great orb of eyes (D:13)
  Fannar (Orc:1)
  Erolcha (D:10)
  6 ogre magi
  A vault guard (D:13)
  11 hydras
  A merfolk aquamancer (Shoals:1)
  3 centaur warriors
  22 two-headed ogres
  A tengu warrior (D:15)
  A merfolk avatar (Lair:6)
  The ghost of graki42 the Thaumaturge, a journeyman DEFE of Vehumet (Lair:3)
  10 death yaks
  An orc high priest (Orc:1)
  Urug (Lair:2)
  3 unseen horrors
  A sea snake (Lair:2)
  A wizard (D:14)
  A lindwurm (Lair:3)
  A deep elf mage (D:12)
  4 cyclopes
  4 fauns
  3 ugly things
  A harpy (Lair:6)
  2 orc sorcerers
  4 manticores
  4 black mambas
  8 elephants
  Maurice (D:12)
  An ice statue (IceCv)
  2 centaur zombies
  3 gargoyles
  Psyche (D:8)
  15 spiny frogs
  13 komodo dragons
  8 rime drakes
  A yaktaur (D:15)
  2 kobold demonologists (D:14)
  An efreet (D:13)
  A freezing wraith (D:15)
  2 tengu conjurers (D:13)
  6 trolls
  6 meliai
  12 merfolk
  A queen bee (Lair:6)
  25 polar bears
  A wind drake (Lair:6)
  3 hornets
  10 hippogriffs
  31 blink frogs
  16 dream sheep
  2 slime creatures (Lair:5)
  A snapping turtle (Shoals:1)
  3 wyverns
  7 wraiths
  3 water elementals (Shoals:1)
  60 yaks
  5 basilisks
  A fire elemental (Orc:2)
  3 hungry ghosts
  A steam dragon (D:12)
  A vampire mosquito (D:13)
  A warg (Orc:1)
  Menkaure (Ossuary)
  7 nagas (Lair:3)
  A soldier ant (D:13)
  2 insubstantial wisps (D:12)
  An acid dragon (D:14)
  18 water moccasins
  2 hell hounds (D:9)
  10 porcupines
  3 ice beasts
  3 black bears
  21 orc warriors
  An eye of draining (D:8)
  2 phantoms
  6 sky beasts
  3 necrophages
  28 ogres
  7 centaurs
  27 wolves
  A boggart (shapeshifter) (D:15)
  20 crocodiles
  Blork the orc (D:5)
  16 bullfrogs
  3 big kobolds
  An elf skeleton (D:7)
  3 scorpions
  A troll zombie (D:7)
  A water moccasin skeleton (D:6)
  34 killer bees
  16 wights
  2 electric eels
  5 howler monkeys
  7 crimson imps
  9 hounds
  A bullfrog zombie (D:5)
  3 human zombies (D:7)
  17 orc priests
  A gnoll shaman (D:4)
  7 jellies
  2 bullfrog skeletons (D:12)
  8 centaur skeletons
  28 orc wizards
  2 human skeletons (D:7)
  5 iguanas
  13 worker ants
  An ogre zombie (D:7)
  2 hound skeletons
  A hound zombie (D:9)
  5 mummies
  A worker ant zombie (D:6)
  7 gnolls
  A howler monkey skeleton (D:7)
  17 adders
  2 shadow imps
  2 adder zombies
  An ooze (D:2)
  An adder skeleton (D:7)
  3 worms
  5 dart slugs
  5 leopard geckos
  85 orcs
  2 ball pythons
  17 bats
  4 giant cockroaches
  2 gnoll zombies (Ossuary)
  10 hobgoblins
  14 jackals
  5 quokkas
  8 frilled lizards
  2 gnoll skeletons (Ossuary)
  10 goblins
  4 goblin skeletons (Ossuary)
  3 goblin zombies (Ossuary)
  3 hobgoblin skeletons (Ossuary)
  A hobgoblin zombie (Ossuary)
  2 jackal skeletons
  14 kobolds
  2 kobold skeletons (Ossuary)
  3 kobold zombies (Ossuary)
  A leopard gecko zombie (D:6)
  2 orc skeletons (Ossuary)
  5 orc zombies
  A quokka skeleton (D:4)
  10 rats
  A rat skeleton (Ossuary)
  6 rat zombies (Ossuary)
  5 fungi
  2 plants
987 creatures vanquished.

Vanquished Creatures (others)
  A gnoll skeleton (Ossuary)
  A goblin skeleton (Ossuary)
  2 goblin zombies (Ossuary)
  A hobgoblin skeleton (Ossuary)
  5 kobold skeletons (Ossuary)
  3 kobold zombies (Ossuary)
  2 orc skeletons (Ossuary)
  A rat skeleton (Ossuary)
  A rat zombie (Ossuary)
  2 bushes (Lair:5)
  44 fungi
  23 plants
86 creatures vanquished.

Grand Total: 1073 creatures vanquished

Notes
Turn   | Place    | Note
-------+----------+-------------------------------------------
     0 | D:1      | equalderp2856 the Minotaur Fighter began the quest for the Orb.
     0 | D:1      | Reached XP level 1. HP: 19/19 MP: 0/0
     0 | D:1      | Noticed a gargoyle
     8 | D:1      | Noticed a merfolk zombie
    10 | D:1      | Noticed a minotaur zombie
    12 | D:1      | Noticed a gargoyle
    15 | D:1      | Noticed a ghoul
    15 | D:1      | Noticed a formicid
    17 | D:1      | Noticed a gargoyle
    17 | D:1      | Noticed a ghoul
   214 | D:1      | Reached XP level 2. HP: 23/27 MP: 1/1
   534 | D:1      | Reached skill level 3 in Axes
   600 | D:1      | Reached XP level 3. HP: 33/33 MP: 2/2
  1161 | D:2      | Found a sacrificial altar of Ru.
  1648 | D:2      | Reached XP level 4. HP: 39/40 MP: 3/3
  2237 | D:3      | Reached skill level 1 in Dodging
  2310 | D:3      | Reached XP level 5. HP: 46/46 MP: 4/4
  2544 | D:3      | Reached skill level 4 in Axes
  3038 | D:3      | Reached XP level 6. HP: 53/53 MP: 5/5
  3072 | D:3      | Reached skill level 5 in Axes
  3072 | D:3      | Reached skill level 5 in Armour
  3353 | D:3      | Reached skill level 5 in Shields
  3666 | D:4      | Found a roughly hewn altar of Beogh.
  3800 | D:4      | Reached skill level 5 in Fighting
  3800 | D:4      | Reached XP level 7. HP: 23/61 MP: 6/6
  4015 | D:4      | Reached skill level 6 in Axes
  4138 | D:4      | Found a shimmering altar of Xom.
  4571 | D:4      | Reached skill level 7 in Axes
  4705 | D:4      | Found a staircase to the Ecumenical Temple.
  4791 | D:4      | Found an opulent altar of Gozag.
  5180 | D:5      | Entered Level 5 of the Dungeon
  5244 | D:5      | Noticed Blork the orc
  5482 | D:5      | Killed Blork the orc
  5517 | D:5      | Reached skill level 1 in Stealth
  5547 | D:5      | Reached XP level 8. HP: 68/70 MP: 7/7
  5658 | D:5      | Found a runed door.
  5788 | D:5      | Reached skill level 8 in Axes
  5854 | D:5      | Found a bloodstained altar of Trog.
  6401 | D:6      | Found Wiwnatob's Book Boutique.
  6492 | D:6      | Reached skill level 9 in Axes
  6532 | D:6      | Learned a level 1 spell: Confusing Touch
  6713 | D:6      | Found a snail-covered altar of Cheibriados.
  7524 | D:7      | Reached XP level 9. HP: 68/78 MP: 8/8
  7796 | D:7      | Reached skill level 1 in Spellcasting
  7809 | D:7      | Reached skill level 10 in Axes
  8138 | D:7      | Found an ancient bone altar of Kikubaaqudgha.
  8635 | D:7      | You fall through a shaft!
  8635 | D:8      | Found a stormy altar of Qazlal.
  8635 | D:8      | Found a sparkling altar of Nemelex Xobeh.
  8674 | D:8      | Found a sand-covered staircase.
  8685 | Ossuary  | Entered an ossuary
  8811 | Ossuary  | Noticed Menkaure
  8815 | Ossuary  | Killed Menkaure
  9226 | D:8      | Reached skill level 1 in Polearms
  9240 | D:8      | Paralysed by fainting for 9 turns
  9440 | D:8      | Noticed Psyche
  9448 | D:8      | Killed Psyche
  9546 | D:8      | Reached XP level 10. HP: 65/86 MP: 12/12
  9743 | D:8      | Noticed a two-headed ogre
  9756 | D:8      | Killed a two-headed ogre
  9937 | D:8      | You fall through a shaft!
  9958 | D:9      | Reached skill level 5 in Polearms
 10386 | D:9      | Found Vadimp's Distillery.
 10397 | D:9      | Bought a potion of degeneration for 15 gold pieces
 10427 | D:9      | Found a staircase to the Lair.
 10655 | D:9      | Reached skill level 11 in Axes
 11054 | Lair:1   | Entered Level 1 of the Lair of Beasts
 11538 | Lair:1   | Reached XP level 11. HP: 63/94 MP: 13/15
 12218 | Lair:1   | Learned a level 2 spell: Blink
 13661 | D:5      | Found a burning altar of Makhleb.
 13661 | D:5      | Found a white marble altar of Elyvilon.
 13661 | D:5      | Found a hazy altar of Hepliaklqana.
 14101 | D:8      | Noticed a two-headed ogre
 14114 | D:8      | Killed a two-headed ogre
 14114 | D:8      | Reached skill level 12 in Axes
 14433 | D:9      | Paralysed by fainting for 6 turns
 14618 | Lair:2   | Found a frozen archway.
 14726 | IceCv    | Entered an ice cave
 15156 | IceCv    | Reached skill level 10 in Armour
 15170 | IceCv    | Reached skill level 10 in Shields
 15467 | IceCv    | Reached skill level 13 in Axes
 17252 | IceCv    | Reached XP level 12. HP: 103/104 MP: 17/17
 17909 | IceCv    | Noticed a frost giant
 18266 | IceCv    | Killed a frost giant
 18285 | IceCv    | Reached skill level 5 in Spellcasting
 18295 | IceCv    | Identified the Catalogue of Enhancements and Clay
 19003 | Lair:2   | Reached skill level 14 in Axes
 19057 | Lair:2   | Noticed Urug
 19967 | Lair:2   | Found a staircase to the Shoals.
 19992 | Lair:2   | Noticed an eight-headed hydra
 20031 | Lair:1   | Killed an eight-headed hydra
 20351 | Lair:2   | Killed Urug
 21231 | Lair:2   | Noticed a five-headed hydra
 21240 | Lair:2   | Killed a five-headed hydra
 21240 | Lair:2   | Reached skill level 10 in Fighting
 21240 | Lair:2   | Reached skill level 1 in Evocations
 21582 | Lair:3   | Found a staircase to the Snake Pit.
 21832 | Lair:3   | Found a labyrinth entrance.
 21851 | Lab      | Entered a labyrinth
 22617 | Lab      | Noticed a minotaur
 22627 | Lab      | Killed a minotaur
 24128 | Lair:3   | Reached XP level 13. HP: 93/113 MP: 15/20
 24300 | Lair:3   | Noticed graki42's ghost (journeyman DEFE)
 24311 | Lair:3   | Killed graki42's ghost
 27388 | Lair:2   | Reached skill level 15 in Axes
 28462 | Lair:5   | Paralysed by fainting for 12 turns
 28857 | Lair:5   | Found a staircase to the Slime Pits.
 29028 | Lair:5   | Noticed Rupert
 29469 | Lair:5   | Killed Rupert
 29933 | Lair:6   | Entered Level 6 of the Lair of Beasts
 29984 | Lair:6   | Reached XP level 14. HP: 52/125 MP: 13/23
 30972 | Lair:5   | Paralysed by a hornet for 3 turns
 31748 | Lair:6   | Reached skill level 16 in Axes
 34986 | Lair:1   | Learned a level 2 spell: Passwall
 34988 | Lair:1   | Learned a level 1 spell: Animate Skeleton
 34991 | Lair:1   | Learned a level 2 spell: Slow
 34994 | Lair:1   | Learned a level 2 spell: Swiftness
 34998 | Lair:1   | Learned a level 3 spell: Regeneration
 37505 | Lair:6   | Got a fine robe
 37920 | Lair:6   | Paralysed by fainting for 6 turns
 37926 | Lair:6   | Paralysed by fainting for 10 turns
 38643 | Lair:6   | Identified the cursed +0 robe of Anaesthesia {rF++ Regen+ rCorr Int+2} (You found it on level 6 of the Lair of Beasts)
 39718 | D:10     | Entered Level 10 of the Dungeon
 39764 | D:10     | Reached skill level 15 in Armour
 39954 | D:10     | Reached XP level 15. HP: 134/134 MP: 25/25
 40139 | D:10     | Noticed Erolcha
 40148 | D:10     | Killed Erolcha
 41372 | D:10     | Paralysed by fainting for 9 turns
 41630 | D:11     | Found a staircase to the Orcish Mines.
 42545 | D:12     | Reached skill level 17 in Axes
 42821 | D:12     | Noticed Maurice
 42917 | D:12     | Noticed Frances
 43007 | D:12     | Killed Maurice
 43209 | D:12     | Killed Frances
 44076 | D:12     | Got a heavily runed ring mail
 44091 | D:12     | Identified the +4 ring mail of Lifelessness {*Corrode MR+ Str+4} (You found it on level 12 of the Dungeon)
 45506 | D:13     | Found Gapokuv's Armour Emporium.
 45571 | D:13     | Found a gate to the Vaults.
 47116 | D:14     | Noticed CitizenNev's ghost (journeyman VSAs)
 47137 | D:14     | Killed CitizenNev's ghost
 47660 | D:14     | Paralysed by a wizard for 2 turns
 47704 | D:15     | Entered Level 15 of the Dungeon
 48043 | D:15     | Noticed Josephine
 48049 | D:15     | Killed Josephine
 48064 | D:15     | Reached skill level 18 in Axes
 48259 | D:15     | Found a staircase to the Depths.
 49280 | D:15     | Reached XP level 16. HP: 126/146 MP: 23/27
 50583 | Orc:1    | Entered Level 1 of the Orcish Mines
 50623 | Orc:1    | Noticed Fannar
 50703 | Orc:1    | Killed Fannar
 50760 | Orc:1    | Found Kaf Cuym's Armour Shop.
 51008 | Orc:2    | Entered Level 2 of the Orcish Mines
 51008 | Orc:2    | Found Gorashryboi's Magic Scroll Boutique.
 51008 | Orc:2    | Found Wiablaj's Jewellery Emporium.
 51009 | Orc:2    | Found Emichub's Assorted Antiques.
 51009 | Orc:2    | Found Laringo's Jewellery Shop.
 52017 | Orc:2    | Noticed Snorg
 52082 | Orc:2    | Killed Snorg
 52305 | Orc:2    | Found a staircase to the Elven Halls.
 53166 | Orc:1    | Found Iteadec's General Store.
 53199 | Orc:1    | Found Ocis's Assorted Antiques.
 53205 | Orc:1    | Reached skill level 1 in Translocations
 54654 | Shoals:1 | Entered Level 1 of the Shoals
 55251 | Shoals:1 | Noticed Nikola
 56555 | Shoals:1 | Killed from afar by Nikola

Skill      XL: |  1  2  3  4  5  6  7  8  9 10 11 12 13 14 15 16 |
---------------+-------------------------------------------------+-----
Armour         | 4 5 6 7 9 10 11 13 15 | 15.9
Axes           | 3 4 5 7 9 10 11 13 14 15 16 18 | 18.5
Shields        | 4 5 7 8 9 10 11 12 13 | 13.5
Fighting       | 4 5 6 7 9 10 11 12 14 | 14.9
Dodging        | 1 2 3 4 |  4.0
Stealth        | 1 |  1.7
Spellcasting   | 2 3 4 5 6 7 8 |  8.2
Polearms       | 3 5 6 |  6.7
Evocations     | 1 4 |  4.1
Translocations | 1 |  1.0

Action                   |  1- 3 |  4- 6 |  7- 9 | 10-12 | 13-15 | 16-18 || total
-------------------------+-------+-------+-------+-------+-------+-------++-------
Melee: War axe           |   114 |   206 |   353 |   850 |   800 |       ||  2323
       Headbutt          |    15 |    31 |    88 |   215 |   388 |    67 ||   804
       Hand axe          |       |       |    13 |       |     2 |       ||    15
       Trident           |       |       |    83 |    38 |    97 |       ||   218
       Battleaxe         |       |       |       |    28 |       |       ||    28
       Broad axe         |       |       |       |       |   820 |   286 ||  1106
       Rapier            |       |       |       |       |     2 |       ||     2
 Cast: Blink             |       |       |       |       |    15 |     3 ||    18
Evoke: Wand              |       |       |     4 |     3 |    10 |       ||    17
       Lamp of fire      |       |       |       |       |     1 |       ||     1
  Use: Potion            |       |     1 |     2 |     7 |     8 |       ||    18
       Scroll            |       |       |       |    19 |    11 |     4 ||    34
 Stab: Paralysed         |       |     1 |       |       |     1 |       ||     2
       Invisible         |       |     1 |       |       |       |       ||     1
       Distracted        |       |       |       |       |     1 |       ||     1
  Eat: Chunk             |     2 |     8 |    15 |    35 |    57 |    13 ||   130
       Royal jelly       |       |       |     1 |     4 |     4 |       ||     9
       Fruit             |       |       |     1 |     6 |    19 |     6 ||    32
       Bread ration      |       |       |       |       |       |     1 ||     1
Armor: Scale mail        |    57 |       |       |       |    30 |    39 ||   126
       Plate armour      |    10 |   155 |   219 |   535 |  1194 |    57 ||  2170
       Skin              |       |       |     5 |       |       |     1 ||     6
       Chain mail        |       |       |       |       |       |     9 ||     9
Dodge: Dodged            |    30 |    50 |    87 |   260 |   595 |   114 ||  1136
Block: Shield            |    70 |   131 |   236 |   473 |   489 |   255 ||  1654
       Buckler           |       |       |       |       |     2 |     2 ||     4
